 Dungeon Crawl Stone Soup version 0.17-a0-1949-g1acca9a (webtiles) character file.

1205 Ordine the Cruncher (level 8, -3/63 HPs)
             Began as a Minotaur Gladiator on Oct 2, 2015.
             Was a Believer of Okawaru.
             Killed by nerve-wracking pain
             ... invoked by a shadow imp
             ... summoned by Natasha
              (11 damage)
             ... on level 4 of the Dungeon.
             The game lasted 00:10:04 (3552 turns).

Ordine the Cruncher (Minotaur Gladiator)            Turns: 3552, Time: 00:10:04

Health: -3/63      AC: 10    Str: 21    XL:     8   Next: 21%
Magic:  7/7        EV:  8    Int:  5    God:    Okawaru [**....]
Gold:   85         SH:  0    Dex: 12    Spells: 0 memorised, 7 levels left

rFire  + . .     SeeInvis .     u - +4 quarterstaff (chaos)
rCold  . . .     Clarity  .     q - +0 chain mail
rNeg   . . .     SustAt   +     (no shield)
rPois  .         Gourm    .     c - +0 hat
rElec  .         Spirit   .     v - +0 cloak
rCorr  .         Warding  .     (no gloves)
rMut   .         Stasis   .     (no boots)
MR     .....                    (no amulet)
Stlth  ..........               (no ring)
                                m - ring of sustain attributes

@: not resistant to hostile enchantments, extremely unstealthy
A: retaliatory headbutt, horns 2, rugged brown scales 1, fire resistance 1, spit
poison 1
a: Spit Poison, Heroism, Renounce Religion


You were on level 4 of the Dungeon.
You worshipped Okawaru.
Okawaru was pleased with you.
You were not hungry.

You visited 1 branch of the dungeon, and saw 4 of its levels.

You collected 85 gold pieces.

Inventory:

Hand weapons
 a - a +0 quarterstaff
 u - a +4 quarterstaff of chaos (weapon)
Missiles
 d - 3 throwing nets (quivered)
Armour
 c - a +0 hat (worn)
 q - a +0 chain mail (worn)
 v - a +0 cloak (worn)
Jewellery
 m - a ring of sustain attributes (left hand)
Magical devices
 b - a wand of cold (8)
 f - a wand of confusion (11)
 w - a wand of flame (31)
Scrolls
 k - 2 scrolls of remove curse
 r - a scroll of magic mapping
 s - a scroll of teleportation
Potions
 g - a potion of cancellation
 n - 3 potions of resistance
 o - 2 potions of might
 p - a potion of heal wounds {unknown}
Comestibles
 e - 3 bread rations
 h - 2 meat rations
 j - a royal jelly
 l - 4 fruits
 t - a beef jerky


   Skills:
 - Level 2.4 Fighting
 + Level 12.0 Staves
 - Level 2.0 Throwing
 - Level 3.2 Dodging


You had 7 spell levels left.
You didn't know any spells.

Dungeon Overview and Level Annotations

Branches:
Dungeon (4/15)
 Temple: D:4-7

Altars:
Fedhas
Kikubaaqudgha
Okawaru
Sif Muna
Vehumet
Xom
Yredelemnul

Annotations:
D:4 Natasha


Innate Abilities, Weirdness & Mutations

You reflexively headbutt those who attack you in melee.
You have a pair of horns on your head.
You are partially covered in rugged brown scales (AC +1, +3% HP).
Your flesh is heat resistant.
You can spit weak poison.


Message History

a whip; a robe Natasha, Servant of Life and Death comes into view.
Natasha casts a spell.
Natasha zaps a wand.
The magic dart hits you!
It is a wand of magic darts {zapped: 1}.
The shadow imp grinds its teeth.
Things that are here:
an enchanted short sword; 6 gold pieces; the elf corpse of Duvessa Natasha zaps a wand.
The magic dart hits you!
* * * LOW HITPOINT WARNING * * *
You are too injured to fight recklessly!
You are too injured to fight recklessly!
You are too injured to fight recklessly!
Natasha zaps a wand.
The magic dart hits you!
* * * LOW HITPOINT WARNING * * *
The shadow imp barely misses you. You furiously retaliate!
You headbutt the shadow imp, but do no damage.
The shadow imp gestures at you. Pain shoots through your body!
You die...

#############....#
#................##
#.............#....
#.............#....
#.............#....
#....).)......#....
#.............#.... #
#.5...........#....
#..##.@...........#....
#....h..).........#....
..'$................#....
###.....#############....
#.....# ###.... #.....#
#...... .......# #...###
######### #...# #...#


You could see Natasha and a shadow imp.

Vanquished Creatures
  The ghost of Ordine the Cruncher, an average MiGl (D:4)
  Grinder (D:3)
  Eustachio (D:4)
  Edmund (D:4)
  Duvessa (D:4)
  An ogre (D:4)
  Dowan (D:4)
  A hound (D:4)
  Crazy Yiuf (D:3)
  A giant frog skeleton (D:4)
  An orc priest (D:3)
  Natasha (twice) (D:4)
  A worker ant (D:4)
  3 gnolls (D:3)
  5 adders
  2 adder zombies (D:1)
  2 giant geckos
  6 orcs
  4 giant cockroaches
  8 goblins
  6 hobgoblins
  4 jackals (D:3)
  10 kobolds
  2 ball pythons
  3 bats
  A giant newt (D:3)
  7 rats
  2 fungi (D:3)
79 creatures vanquished.

Notes
Turn   | Place    | Note
--------------------------------------------------------------
     0 | D:1      | Ordine the Minotaur Gladiator began the quest for the Orb.
     0 | D:1      | Reached XP level 1. HP: 18/18 MP: 0/0
    18 | D:1      | Reached skill level 4 in Staves
    61 | D:1      | Reached XP level 2. HP: 22/25 MP: 1/1
   564 | D:1      | Reached skill level 5 in Staves
   667 | D:2      | Reached XP level 3. HP: 25/30 MP: 2/2
   858 | D:2      | Reached XP level 4. HP: 11/37 MP: 3/3
  1049 | D:2      | Found a shimmering altar of Xom.
  1204 | D:2      | Reached skill level 6 in Staves
  1375 | D:2      | Found a deep blue altar of Sif Muna.
  1546 | D:3      | Found an iron altar of Okawaru.
  1575 | D:3      | Became a worshipper of Warmaster Okawaru
  2056 | D:3      | Gained mutation: Your flesh is heat resistant. [potion of mutation]
  2056 | D:3      | Gained mutation: You can spit weak poison. [potion of mutation]
  2056 | D:3      | Gained mutation: You are partially covered in rugged brown scales (AC +1, +3% HP). [potion of mutation]
  2087 | D:3      | Reached XP level 5. HP: 23/43 MP: 4/4
  2091 | D:3      | Reached skill level 7 in Staves
  2478 | D:3      | Found a blossoming altar of Fedhas.
  2480 | D:3      | Found an ancient bone altar of Kikubaaqudgha.
  2724 | D:3      | Noticed Grinder
  2725 | D:3      | Noticed Crazy Yiuf
  2730 | D:3      | Killed Grinder
  2730 | D:3      | Acquired Okawaru's first power
  2730 | D:3      | Reached skill level 8 in Staves
  2730 | D:3      | Reached XP level 6. HP: 47/51 MP: 5/5
  2733 | D:3      | Killed Crazy Yiuf
  2821 | D:4      | Reached skill level 9 in Staves
  2863 | D:4      | Noticed Ordine's ghost (average MiGl)
  2863 | D:4      | Noticed Edmund
  2925 | D:4      | Killed Ordine's ghost
  2925 | D:4      | Reached skill level 10 in Staves
  2925 | D:4      | Reached XP level 7. HP: 20/57 MP: 6/6
  2927 | D:4      | Killed Edmund
  3136 | D:4      | Noticed Natasha
  3141 | D:4      | Killed Natasha
  3156 | D:4      | Found a radiant altar of Vehumet.
  3202 | D:4      | Found a basalt altar of Yredelemnul.
  3264 | D:4      | Reached skill level 11 in Staves
  3274 | D:4      | Noticed Natasha
  3277 | D:4      | Killed Natasha
  3383 | D:4      | Noticed Eustachio
  3436 | D:4      | Killed Eustachio
  3436 | D:4      | Reached XP level 8. HP: 39/63 MP: 7/7
  3516 | D:4      | Noticed Duvessa
  3518 | D:4      | Noticed Dowan
  3530 | D:4      | Killed Duvessa
  3541 | D:4      | Killed Dowan
  3541 | D:4      | Reached skill level 12 in Staves
  3546 | D:4      | Noticed Natasha
  3552 | D:4      | Killed from afar by a shadow imp

Vault maps used:
D:1:      saegor_arrival_fortress
D:2:      led_sif_pool, xom_teletrap_fun, small_statue_intersection,
          minmay_misc_feat_tiny, grunt_decor_arrowhead, minmay_box_of_dots
D:3:      grunt_temple_overflow_growth_and_decay, okawaru_metal_pillars_1_2,
          first_bread, uniq_crazy_yiuf_cottage, uniq_grinder
D:4:      lemuel_crystal_altar, vehumet_altar_wand_db, lemuel_doored_altar,
          uniq_natasha, uniq_edmund, uniq_eustachio, uniq_duvessa

Action                   |  1- 3 |  4- 6 |  7- 9 || total
-------------------------+-------+-------+-------++-------
Melee: Quarterstaff      |    66 |    89 |    51 ||   206
 Abil: Spit Poison       |       |     3 |       ||     3
  Use: Scroll            |     5 |     8 |     1 ||    14
       Potion            |       |     4 |     2 ||     6
 Stab: Sleeping          |       |     1 |       ||     1
  Eat: Chunk             |       |     6 |     3 ||     9
